 Dungeon Crawl Stone Soup version 0.17-a0-1582-ge6b0260 (webtiles) character file.

130 Jb9000 the Ruffian (level 5, -1/46 HPs)
             Began as a Ghoul Monk on July 27, 2015.
             Was a Believer of Okawaru.
             Slain by a scorpion (2 damage)
             ... on level 4 of the Dungeon.
             The game lasted 00:12:20 (2879 turns).

Jb9000 the Ruffian (Ghoul Monk)                     Turns: 2879, Time: 00:12:20

Health: -1/46      AC:  6    Str: 16    XL:     5   Next: 14%
Magic:  5/5        EV: 11    Int:  5    God:    Okawaru [**....]
Gold:   139        SH:  0    Dex: 11    Spells: 0 memorised, 6 levels left

rFire  . . .     SeeInvis +       - Unarmed
rCold  + . .     Clarity  .     h - +0 ring mail
rNeg   + + +     SustAt   .     (no shield)
rPois  ∞         Gourm    .     (no helmet)
rElec  .         Spirit   .     (no cloak)
rCorr  .         Warding  .     y - +0 pair of gloves
rMut   .         Stasis   .     (no boots)
MR     .....                    (no amulet)
Stlth  +.........               (no ring)
                                z - ring of see invisible (curse)

@: rotting, not resistant to hostile enchantments, very unstealthy
A: rotting body, claws 1, carnivore 3, cold resistance 1, negative energy
resistance 3, slow healing 1, torment resistance, unbreathing
a: Heroism, Renounce Religion


You were on level 4 of the Dungeon.
You worshipped Okawaru.
Okawaru was pleased with you.
You were not hungry.

You visited 1 branch of the dungeon, and saw 4 of its levels.

You collected 139 gold pieces.

Inventory:

Missiles
 c - 8 poisoned tomahawks (quivered)
 g - 14 bolts of flame
 u - 3 tomahawks
Armour
 a - a +0 robe
 h - a +0 ring mail (worn)
 y - a +0 pair of gloves (worn)
Magical staves
 A - an uncursed staff of poison {unknown}
Jewellery
 z - a cursed ring of see invisible (left hand)
Magical devices
 p - a wand of digging (16)
Scrolls
 d - a scroll of identify {unknown}
 e - 4 scrolls of remove curse
 f - 2 scrolls of teleportation
 i - a scroll of recharging {unknown}
 k - a scroll of immolation {unknown}
 m - a scroll of magic mapping {unknown}
 o - a scroll of blinking {unknown}
 w - a scroll of enchant armour {unknown}
Potions
 j - 4 potions of curing {unknown}
 l - 2 potions of might {unknown}
 n - a potion of ambrosia {unknown}
 q - a potion of lignification {unknown}
 r - a potion of poison {unknown}
 t - a potion of agility {unknown}
 v - a potion of cancellation {unknown}
Books
 s - a book of Fire

   Spells                             Type                      Level
   a - Ignite Poison                  Fire/Transmutation/Poison    3
   b - Fireball                       Conjuration/Fire             5
   c - Bolt of Fire                   Conjuration/Fire             6
   d - Delayed Fireball               Conjuration/Fire             7
   e - Ring of Flames                 Charms/Fire                  7
Comestibles
 b - 2 meat rations


   Skills:
 + Level 3.8 Fighting
 + Level 1.2 Throwing
 + Level 1.0 Armour
 + Level 3.2 Dodging
 * Level 2.9 Stealth
 * Level 4.9 Unarmed Combat
 + Level 1.0 Spellcasting


You had 6 spell levels left.
You didn't know any spells.

Dungeon Overview and Level Annotations

Branches:
Dungeon (4/15)
 Temple: D:4-7

Altars:
Dithmenos
Okawaru
Trog


Innate Abilities, Weirdness & Mutations

Your body is rotting away.
You thrive on raw meat.
You are immune to poison.
You have sharp fingernails.
You are carnivorous and can eat meat at any time.
Your flesh is cold resistant.
You are immune to negative energy.
You heal slowly when monsters are visible.
You are immune to unholy pain and torment.
You can survive without breathing.


Message History

Your ring mail prevents you from hitting the scorpion.
The scorpion is heavily wounded.
The scorpion stings you.
You hit the scorpion but do no damage.
The scorpion is heavily wounded.
You hit the scorpion but do no damage.
The scorpion is heavily wounded.
The scorpion completely misses you.
You barely miss the scorpion.
The scorpion is heavily wounded.
The scorpion stings you!
* * * LOW HITPOINT WARNING * * *
You barely miss the scorpion.
The scorpion is heavily wounded.
The scorpion stings you.
* * * LOW HITPOINT WARNING * * *
You hit the scorpion but do no damage.
The scorpion is heavily wounded.
The scorpion stings you.
You die...

##+ ##+#
...#####+###...#
...............#
...............+
...............#
...............#
...............#
.......<@s.....#
..........##...#
....###...# ...#
(.. #...# .....
.. ....# .....
.....# ..$..
+.....+ #.....#


You could see a scorpion.

Vanquished Creatures
  An orc wizard (D:3)
  An adder (D:2)
  An ooze (D:1)
  2 worms
  4 giant geckos
  3 orcs (D:3)
  8 goblins
  8 hobgoblins
  17 jackals
  9 kobolds
  A quokka (D:2)
  A ball python (D:2)
  8 bats
  5 giant newts
  6 rats
75 creatures vanquished.

Notes
Turn   | Place    | Note
--------------------------------------------------------------
     0 | D:1      | Jb9000 the Ghoul Monk began the quest for the Orb.
     0 | D:1      | Reached XP level 1. HP: 19/19 MP: 0/0
   150 | D:1      | Reached XP level 2. HP: 26/26 MP: 1/1
   591 | D:1      | Reached XP level 3. HP: 31/33 MP: 2/2
  1027 | D:1      | Reached skill level 1 in Throwing
  1238 | D:2      | Found an iron altar of Okawaru.
  1262 | D:2      | Became a worshipper of Warmaster Okawaru
  1262 | D:2      | Acquired Okawaru's first power
  1417 | D:2      | Reached XP level 4. HP: 31/40 MP: 4/4
  2036 | D:3      | Reached skill level 1 in Spellcasting
  2036 | D:3      | Reached XP level 5. HP: 21/46 MP: 5/5
  2285 | D:3      | Found a bloodstained altar of Trog.
  2288 | D:3      | Found a shadowy altar of Dithmenos.
  2649 | D:3      | Reached skill level 1 in Armour
  2878 | D:4      | HP: 1/46 [scorpion (5)]
  2879 | D:4      | Slain by a scorpion

Vault maps used:
D:1:      wheals_arrival_linesprint
D:2:      okawaru_gym_becter, minivault_4
D:3:      nicolae_overflow_hidden_temple

Action                   |  1- 3 |  4- 6 || total
-------------------------+-------+-------++-------
Melee: Unarmed           |   157 |   135 ||   292
  Use: Scroll            |     3 |       ||     3
 Stab: Sleeping          |     4 |     1 ||     5
  Eat: Chunk             |    22 |    21 ||    43
       Meat ration       |       |     1 ||     1
